 Dungeon Crawl Stone Soup version 0.27-a0-1324-ge0d8e047f6 (webtiles) character file.

Game seed: 15232828340554474448

1392407 freelancePsychic the Archmage (level 27, -3/205 HPs)
             Began as a Djinni Air Elementalist on June 23, 2021.
             Was an Elder of Elyvilon.
             Killed from afar by an orb of fire (14 damage)
             ... with a bolt of fire
             ... on level 5 of the Realm of Zot.
             The game lasted 04:32:53 (73459 turns).

freelancePsychic the Archmage (DjAE)               Turns: 73459, Time: 04:32:53

Health: -3/205     AC: 16    Str:  7    XL:     27
Gold:   13979      EV: 25    Int: 31    God:    Elyvilon [****..] SH: 29 Dex: 13

rFire    + + +     SeeInvis .   b - staff of earth
rCold    + . .     Faith    .   K - +2 tower shield of the Ladybird {+Inv rF+ rC+}
rNeg     + . .     Spirit   +   M - +2 robe of Vines {NoPotionHeal Regen+++}
rPois    ∞         Reflect  +   e - +2 hat of the Bear Spirit {Spirit, +Rage rN+ Will++}
rElec    +         Harm     .   E - +2 cloak
rCorr    .         Rampage  .   x - +2 pair of gloves
Will     ++++.     Rnd*Tele +   (boots unavailable)
Stlth    ++........             I - amulet of Vediggi {Reflect Regen+ SH+5}
HPRegen  0.00/turn              k - +6 ring of intelligence
MPRegen  0.00/turn              f - ring of Xom's Best Wishes {Wiz *Corrode rPois rF+ rC+}

@: unable to read, flying, studying 2 skills
A: sickness immunity, fire resistance 2, cold vulnerability 1, float, innate
caster, hp casting, extra vitality 1, clumsy 2, dopey 1, frail 1, passive
freeze, electricity resistance, inhibited regeneration, teleportitis 2,
inability to read while threatened, MP-powered wands
}: 15/15 runes: decaying, serpentine, slimy, silver, golden, iron, obsidian,
icy, bone, abyssal, demonic, glowing, magical, fiery, dark
a: Renounce Religion, Evoke Berserk Rage, Evoke Invisibility, Lesser Healing,
Heal Other, Purification, Greater Healing, Divine Protection


You were on level 5 of the Realm of Zot.
You worshipped Elyvilon.
Elyvilon was greatly pleased with you.
You visited 18 branches of the dungeon, and saw 89 of its levels.
You visited Pandemonium 1 time, and saw 17 of its levels.
You visited the Abyss 2 times.
You visited 1 ziggurat, and saw 15 of its levels.
You also visited: Ossuary, Bailey, Ice Cave and Volcano.

You collected 15788 gold pieces.
You spent 1809 gold pieces at shops.

Inventory:

Hand Weapons
 a - a +9 sacred scourge of holy wrath
Armour
 e - the +2 hat of the Bear Spirit (worn) {Spirit, +Rage rN+ Will++}
   (You found it on level 5 of the Pits of Slime)

   It protects you from negative energy.
   It lets you go berserk.
   It greatly increases your willpower.
 x - a +2 pair of gloves (worn)
 E - a +2 cloak (worn)
 K - the +2 tower shield of the Ladybird (worn) {+Inv rF+ rC+}
   (You found it on level 13 of the Dungeon)

   It protects you from fire.
   It protects you from cold.
   It lets you turn invisible.
 M - the +2 robe of Vines (worn) {NoPotionHeal Regen+++}
   (You found it on level 1 of the Lair of Beasts)

   It increases your rate of health regeneration.
Magical Staves
 b - a staff of earth (weapon)
Jewellery
 f - the ring of Xom's Best Wishes (right hand) {Wiz *Corrode rPois rF+ rC+}
   (You found it on level 3 of the Crypt)

   [ring of wizardry]

   It improves your spell success rate.
   It protects you from fire.
   It protects you from cold.
   It protects you from poison.
   It may corrode you when you take damage.
 h - the amulet "Papper" {Acrobat *Corrode +Blink rF+ Regen+}
   (You found it on level 11 of a ziggurat)

   [amulet of the acrobat]

   It increases your evasion while moving and waiting.
   It protects you from fire.
   It lets you blink.
   It increases your rate of health regeneration.
   It may corrode you when you take damage.
 k - a +6 ring of intelligence (left hand)
 q - the ring "Simualae" {*Slow rElec rPois rC+ Will+ Dex+4}
   (You found it on level 7 of Tartarus)

   [ring of willpower]

   It affects your dexterity (+4).
   It protects you from cold.
   It insulates you from electricity.
   It protects you from poison.
   It may slow you when you take damage.
   It increases your willpower.
 C - the ring of Skepticism {rF- rC++ rN+ AC+4 Stlth+}
   (You found it on level 7 of Tartarus)

   [ring of protection]

   It affects your AC (+4).
   It makes you vulnerable to fire.
   It greatly protects you from cold.
   It protects you from negative energy.
   It makes you more stealthy.
 I - the amulet of Vediggi (around neck) {Reflect Regen+ SH+5}
   (You bought it in a shop on level 3 of the Elven Halls)

   [amulet of reflection]

   It reflects blocked missile attacks.
   It increases your rate of health regeneration.
   It affects your SH (+5).
 J - a ring of wizardry
 Q - a ring of resist corrosion
 W - a ring of protection from cold
 Y - the ring of Meapt {rElec rPois}
   (You found it on level 7 of Gehenna)

   [ring of poison resistance]

   It insulates you from electricity.
   It protects you from poison.
 Z - the ring "Deex" {*Corrode rElec rF++ Str+6 SInv}
   (You found it on level 3 of the Elven Halls)

   [ring of strength]

   It affects your strength (+6).
   It greatly protects you from fire.
   It insulates you from electricity.
   It lets you see invisible.
   It may corrode you when you take damage.
Wands
 p - a wand of acid (51)
 u - a wand of mindburst (69)
 v - a wand of iceblast (85)
 G - a wand of paralysis (42)
 P - a wand of charming (27)
 U - a wand of digging (9)
 X - a wand of polymorph (46)
Scrolls
 c - 5 scrolls of blinking
 d - 14 scrolls of fog
 j - 2 scrolls of silence
 m - 22 scrolls of teleportation {@r4}
 o - 15 scrolls of vulnerability
 t - 7 scrolls of immolation
 w - 13 scrolls of enchant armour
 y - 13 scrolls of enchant weapon
 B - 2 scrolls of magic mapping
 D - 9 scrolls of brand weapon
 F - 5 scrolls of fear
 O - 8 scrolls of holy word
 T - 49 scrolls of identify {@r1}
Potions
 g - 7 potions of might
 i - 4 potions of cancellation
 l - 15 potions of heal wounds {@q2}
 n - a potion of haste {@q3}
 r - 7 potions of berserk rage
 s - 3 potions of magic
 z - 2 potions of invisibility
 A - 4 potions of ambrosia
 N - 32 potions of curing {@q1}
 R - 10 potions of resistance
 S - 5 potions of lignification
 V - 13 potions of attraction
Miscellaneous
 H - a figurine of a ziggurat


   Skills:
 O Level 27 Fighting
 - Level 12.0 Maces & Flails
 + Level 25.4 Armour
 O Level 27 Dodging
 - Level 1.5 Stealth
 - Level 25.0 Shields
 O Level 27 Spellcasting
 O Level 27 Invocations


You couldn't memorise any spells.
You knew the following spells:

 Your Spells              Type           Power      Damage    Failure   Level
a - Shadow Creatures      Summ           N/A        N/A       0%          6
b - Shatter               Erth           71%        3d52*     1%          9
c - Bolt of Magma         Conj/Fire/Erth 71%        4d27      0%          5
d - Fireball              Conj/Fire      59%        3d23      0%          5
e - Lightning Bolt        Conj/Air       59%        1d81      0%          5
f - Invisibility          Hex            59%        N/A       0%          6
g - Slow                  Hex            100%       N/A       0%          2
h - Airstrike             Air            59%        N/A       0%          4
i - Summon Guardian Gole  Hex/Summ       100%       N/A       0%          3
j - Call Imp              Summ           100%       N/A       0%          2
k - Shock                 Conj/Air       100%       1d9       0%          1
l - Storm Form            Tmut/Air       59%        N/A       0%          7
m - Animate Skeleton      Necr           100%       N/A       0%          1
n - Haunt                 Necr/Summ      59%        N/A       0%          7
o - Summon Horrible Thin  Summ           59%        N/A       1%          8
p - Infestation           Necr           59%        N/A       1%          8
q - Static Discharge      Conj/Air       100%       N/A       0%          2
z - Swiftness             Air            100%       N/A       0%          3
Your spell library was empty.

Dungeon Overview and Level Annotations

Branches:
Dungeon (15/15)            Temple (1/1) D:7            Lair (6/6) D:10
  Swamp (4/4) Lair:4        Snake (4/4) Lair:4        Slime (5/5) Lair:6
    Orc (2/2) D:9             Elf (3/3) Orc:2        Vaults (5/5) D:13
  Crypt (3/3) Vaults:2       Tomb (3/3) Crypt:3      Depths (5/5) D:15
   Hell (visited)             Dis (7/7) Hell            Geh (7/7) Hell
    Coc (7/7) Hell            Tar (7/7) Hell            Zot (5/5) Depths:5
Ossuary (visited)          Bailey (visited)           IceCv (visited)
Volcano (visited)

Altars:
Ashenzari
Cheibriados
Dithmenos
Elyvilon
Fedhas
Gozag
Hepliaklqana
Kikubaaqudgha
Makhleb
Nemelex Xobeh
Okawaru
Qazlal
Ru
Sif Muna
Trog
Uskayaw
Vehumet
Wu Jian
Xom
Yredelemnul
Zin
The Shining One
Beogh
Jiyva

Shops:
D:8 *   D:13 ([   Orc:2 ((!*   Elf:2 [   Elf:3 =   Snake:1 *   Snake:3 *
Vaults:1 [   Vaults:2 ?   Vaults:3 *   Depths:5 *

Portals:
Hell: Depths:1 Depths:2 Depths:3 Depths:4 Depths:5
Abyss: Depths:1 Depths:3 Depths:4
Pandemonium: Depths:3

Annotations:
D:4 3 runed translucent doors, bande's ghost, novice GrFi
D:7 2 transporters
D:9 1 runed translucent door, FacelessVoid's ghost, novice DsGl
Swamp:1 2 transporters, Feimod's ghost, adept SpEn
Swamp:4 exclusion: 2 oklob plants
Elf:2 3 runed translucent doors, Roxanne
Zot:4 Drazool's ghost, legendary DjFE


Innate Abilities, Weirdness & Mutations

You are immune to sickness and miasma.
You are immune to poison.
Your flesh is very heat resistant. (rF++)
You are vulnerable to cold. (rC-)
You float through the air rather than walking.
You learn spells naturally, not from books.
Your magical power is your life essence.
You have superior vitality. (+4 HP)
You are very clumsy. (Dex -4)
You are dopey. (Int -2)
You are frail. (-10% HP)
A frigid envelope surrounds you and freezes all who hurt you.
You are resistant to electric shocks. (rElec)
You do not regenerate when monsters are visible.
You are sometimes teleported next to monsters.
You sometimes lose the ability to read scrolls when taking damage.
You expend health (3 HP) to strengthen your wands.


Message History

The storm dragon is severely wounded. x2
Ka-crash!
* * * LOW HITPOINT WARNING * * *
You hear a deafening roar!
You block the Orb Guardian's attack.
The shadow dragon breathes negative energy at you.
The bolt of negative energy misses you.
The bolt of negative energy hits the orb of fire.
The orb of fire completely resists.
You block the Orb Guardian's attack.
You see here a +1 mace of protection.
The orb of fire glows deep purple.
The bolt of fire hits the orb of fire.
The orb of fire completely resists.
The bolt of fire hits you!! You resist.
* * * LOW HITPOINT WARNING * * *
You block the Orb Guardian's attack.
The orb of fire glows red.
The bolt of fire hits you. You resist.
* * * LOW HITPOINT WARNING * * *
You block the Orb Guardian's attack.
The storm dragon breathes lightning at you.
The bolt of lightning hits the storm dragon.
The storm dragon completely resists.
The bolt of lightning hits the orb of fire.
The orb of fire completely resists.
The bolt of lightning misses the orb of fire.
The bolt of lightning misses you.
You block the quicksilver dragon's attack.
The quicksilver dragon claws you!
* * * LOW HITPOINT WARNING * * *
The quicksilver dragon is very cold.
The quicksilver dragon is severely wounded.
The orb of fire glows yellow.
The bolt of fire hits the orb of fire.
The orb of fire completely resists.
The bolt of fire hits you! You resist.
* * * LOW HITPOINT WARNING * * *
The orb of fire glows deep purple.
The bolt of fire hits the orb of fire.
The orb of fire completely resists.
The bolt of fire hits you! You resist.
You die...

....
####▓............)..
#......^.....(..). ▓▓
................. ...
▓.)....X..)...... ....
▓.........^......
.....▓...*^......^....
.......)**.).[........
▓^@**D..D........
▓.DX....)........
▓..D.............
▓.......^........
▓▓.......^.......
▓▓▓.............
▓▓▓▓..........
▓▓▓▓▓▓▓▓▓▓▓


You could see 5 orbs of fire, a shadow dragon (catching breath), 2 storm
dragons, a quicksilver dragon and 2 Orb Guardians.

Vanquished Creatures
  Cerebov (Pan)
  Antaeus (Coc:7)
  the Royal Jelly (Slime:5)
  Gloorx Vloq (Pan)
  A seraph (Pan)
  the Serpent of Hell (Geh:7)
  Dispater (Dis:7)
  Mnoleg (Pan)
  2 ancient liches
  3 orbs of fire
  4 dread liches
  The ghost of Pooter the Hoplite, a legendary MiBe of Trog (Zot:4)
  2 juggernauts (Zig:14)
  36 royal mummies
  The ghost of krigyl the Phalangite, a legendary FoNe of Hepliaklqana (Zot:4)
  The ghost of HilariousDeathArtist the Slayer, a legendary GrHu of Uskayaw (Zot:4)
  12 shard shrikes
  4 Killer Klowns (Zot:5)
  8 pandemonium lords
  A caustic shrike (Zig:7)
  Frederick (Tomb:1)
  A curse toe (Crypt:3)
  Geryon (Hell)
  4 golden dragons
  11 bone dragons
  2 pearl dragons (Pan)
  18 Tzitzimimeh
  18 Brimstone Fiends
  3 electric golems
  9 iron giants
  Jorgrun (Snake:3)
  14 doom hounds
  11 tentacled monstrosities
  23 Ice Fiends
  13 Hell Sentinels
  21 Orb Guardians (Zot:5)
  18 liches
  8 quicksilver dragons
  4 titans
  3 deep elf blademasters
  2 deep elf master archers (Elf:3)
  10 acid blobs
  16 Executioners
  Murray (Hell)
  An eldritch tentacle (Pan)
  26 ancient champions
  Kirke (Lair:5)
  7 death cobs
  2 thorn hunters (Swamp:4)
  Gastronok (D:9)
  12 tentacled starspawn
  5 nagarajas
  22 shadow dragons
  12 sphinxes
  7 tengu reavers
  6 draconian monks
  6 azure jellies (Slime:5)
  18 daevas
  An azure jelly (shapeshifter) (Zig:3)
  9 fire giants
  9 rockslimes
  6 revenants
  2 ghost moths
  10 storm dragons
  6 draconian scorchers
  5 frost giants
  11 iron dragons
  3 draconian knights
  10 deep elf sorcerers
  An emperor scorpion (D:15)
  4 orc warlords
  28 balrugs
  Louise (Depths:1)
  Aizul (Snake:3)
  6 curse skulls
  18 vault wardens
  3 draconian shifters
  7 draconian stormcallers
  5 draconian annihilators
  20 ghouls
  8 warmongers
  12 cacodemons (Pan)
  32 angels (Pan)
  3 deep elf elementalists (Elf:3)
  17 ironbound preservers
  2 spriggan defenders (Depths:4)
  14 ophanim
  37 very ugly things
  12 stone giants
  26 war gargoyles
  8 corrupters
  7 quicksilver oozes
  4 green draconians
  75 reapers
  12 vampire knights
  26 apis (Pan)
  8 blood saints
  16 hydra skeletons
  9 lorocyprocas
  7 deep elf annihilators
  7 red draconians
  6 deep elf demonologists
  5 entropy weavers
  3 bunyips
  14 bennus
  4 black suns (Pan)
  5 black draconians
  6 purple draconians
  5 white draconians
  9 elemental wellsprings
  10 yellow draconians
  2 pale draconians (Depths:5)
  10 spark wasps
  7 dire elephants
  5 eidola
  5 deep elf death magi
  2 merfolk javelineers (Zig:12)
  2 merfolk impalers (Zig:12)
  21 blizzard demons
  2 crystal guardians (Vaults:4)
  7 quicksilver dragon zombies
  4 kraken zombies
  Snorg (Orc:1)
  7 green deaths
  4 eleionomae
  12 ettins
  27 mummy priests
  2 jiangshi (Crypt:1)
  Josephine (D:11)
  11 yaktaur captains
  2 shambling mangroves
  7 deep elf high priests
  Fannar (Orc:1)
  Harold (Orc:1)
  20 ice dragons
  9 fire dragons
  10 great orbs of eyes
  2 merfolk aquamancers (Zig:12)
  4 boulder beetles
  4 salamander tyrants
  6 ironbound thunderhulks
  12 monstrous demonspawn
  2 hell beasts
  22 hydras
  7 rakshasas
  A merfolk avatar (Zig:12)
  3 ogre magi
  4 spriggan air magi
  9 naga warriors
  7 ironbound frosthearts
  3 peacekeepers
  3 death knights
  7 quicksilver dragon skeletons
  20 centaur warriors
  7 anacondas
  35 vault guards
  5 ghost crabs
  A fenstrider witch skeleton (Crypt:2)
  9 tengu warriors
  8 deep troll earth magi
  A satyr (Zig:12)
  6 alligators
  4 deep troll shamans
  The ghost of bjtr the Magician, a journeyman GrVM of Vehumet (D:11)
  95 death scarabs
  17 dancing weapons
  9 ironbound beastmasters
  3 orc high priests
  16 two-headed ogres
  10 death yaks
  14 titan zombies
  8 vampire magi
  4 iron golems
  38 soul eaters
  8 thrashing horrors
  13 naga sharpshooters
  5 spriggan berserkers
  48 large abominations
  45 sun demons
  30 hell hogs
  16 shock serpents
  Sonja (D:11)
  13 deep elf knights
  6 holy swine (Pan)
  39 hell knights
  16 spriggans
  8 wretched stars
  6 storm dragon skeletons
  4 storm dragon zombies
  4 salamander mystics
  19 sixfirhies
  A spectral death yak (Lair:6)
  11 shadow wraiths
  A spark wasp zombie (Crypt:2)
  14 iron trolls
  6 titan skeletons
  95 skeletal warriors
  A spectral anaconda (Lair:6)
  22 flayed ghosts
  16 cherubim
  A goliath frog (shapeshifter) (Vaults:5)
  A ghost moth zombie (Tar:7)
  9 anaconda zombies
  7 goliath frogs
  4 spatial maelstroms
  8 obsidian statues
  3 spectral hydras (Swamp:4)
  7 swamp dragons
  A glowing orange brain (shapeshifter) (Vaults:5)
  4 glowing orange brains
  7 spriggan druids
  6 infernal demonspawn (Pan)
  12 harpies
  A naga ritualist (Snake:1)
  18 wizards
  4 bog bodies
  11 gelid demonspawn (Pan)
  9 shadow demons
  66 deep trolls
  7 golden dragon zombies
  4 orange crystal statues
  An iron giant skeleton (Crypt:1)
  24 phantasmal warriors
  15 deep elf archers
  8 shadow dragon zombies
  23 deep elf zephyrmancers
  4 wolf spider zombies
  4 golden dragon skeletons
  16 ironbound convokers
  8 torturous demonspawn (Pan)
  5 orc knights
  A harpy (shapeshifter) (Vaults:5)
  10 lindwurms
  3 anaconda skeletons
  An orb spider (shapeshifter) (D:15)
  5 shadow dragon skeletons
  17 necromancers
  11 frost giant zombies
  6 mana vipers
  A wolf spider (shapeshifter) (Vaults:4)
  7 manticores
  An oklob plant (Lair:1)
  A worldbinder (Abyss:3)
  22 deep elf pyromancers
  5 orc sorcerers
  74 slime creatures
  2 fauns (shapeshifter) (Vaults:5)
  5 shining eyes
  3 cyclopes
  2 will-o-the-wisps
  3 iron dragon zombies
  A sphinx skeleton (Depths:1)
  12 stone giant zombies
  2 spectral ettins (Tar:5)
  46 ugly things
  14 moths of wrath
  11 salamanders
  14 naga magi
  A goliath frog skeleton (Crypt:3)
  39 elephants
  A black mamba (shapeshifter) (Vaults:5)
  2 iron dragon skeletons
  A shock serpent zombie (Geh:3)
  10 fire giant zombies
  43 black mambas
  9 stone giant skeletons
  2 merfolk sirens (Zig:12)
  2 eyes of devastation
  9 dire elephant zombies
  10 guardian serpents
  32 rust devils
  3 ice statues
  12 molten gargoyles
  29 orange demons
  4 torpor snails
  18 vault sentinels
  6 fire giant skeletons
  12 frost giant skeletons
  4 unseen horrors
  5 gargoyles
  43 smoke demons
  11 cane toads
  Maggie (D:6)
  4 dire elephant skeletons
  2 catoblepas zombies
  26 hellions
  A minotaur zombie (Dis:7)
  3 shock serpent skeletons
  38 freezing wraiths
  A kobold demonologist (Depths:5)
  A storm dragon simulacrum (Zig:13)
  3 emperor scorpion zombies
  6 rime drakes
  20 hellwings
  3 tengu conjurers
  13 efreet
  34 yaktaurs
  38 ice devils
  62 guardian mummies
  A yellow draconian skeleton (Crypt:2)
  7 komodo dragons
  A redback zombie (Crypt:2)
  42 red devils
  44 tormentors
  9 ancient zymes
  15 hydra zombies
  2 catoblepas skeletons
  12 demonic crawlers
  15 trolls
  A death drake zombie (Swamp:4)
  3 harpy zombies
  A wolf spider simulacrum (D:14)
  A silent spectre (Tar:1)
  12 merfolk (Zig:12)
  7 harpy skeletons
  22 hornets
  A hornet (shapeshifter) (Abyss:2)
  Grinder (D:6)
  14 polar bears
  A wind drake (Zig:12)
  A guardian serpent zombie (Crypt:1)
  6 tyrant leeches
  A raiju (shapeshifter) (D:15)
  8 alligator zombies
  4 fire dragon zombies
  4 snapping turtles (Zig:12)
  A spectral elephant (Lair:6)
  18 blink frogs
  11 ettin zombies
  An iron dragon simulacrum (Hell)
  A centaur simulacrum (D:14)
  A fire giant simulacrum (Coc:7)
  6 ice dragon zombies
  24 raiju
  An alligator skeleton (Volcano)
  14 starcursed masses
  7 fire dragon skeletons
  140 flying skulls
  2 deep troll skeletons
  3 air elementals
  47 shadows
  A dire elephant simulacrum (Tomb:3)
  8 ice dragon skeletons
  A redback (Zig:6)
  8 vampires
  8 ettin skeletons
  44 wraiths
  19 ynoxinuls
  2 black mamba zombies
  A basilisk (D:10)
  58 yaks
  4 wyverns
  24 water elementals
  3 tarantellas
  13 ushabtiu
  16 fire elementals
  2 black mamba skeletons
  A sea snake simulacrum (Hell)
  7 spatial vortices
  A golden eye (shapeshifter) (D:14)
  A death yak simulacrum (Lair:6)
  21 neqoxecs
  5 steam dragons
  2 golden eyes (Slime:3)
  20 chaos spawn
  18 vampire mosquitoes
  Menkaure (D:5)
  A merfolk zombie (Coc:2)
  4 spectral cane toads (Lair:6)
  3 hydra simulacra
  34 nagas
  7 wargs
  5 acid dragons
  10 swamp worms
  47 hell hounds
  18 water moccasins
  11 cane toad zombies
  8 cane toad skeletons
  A sky beast (D:6)
  6 swamp dragon zombies
  5 swamp drakes
  An infernal demonspawn skeleton (Crypt:1)
  30 orc warriors
  11 ice beasts
  6 black bears
  35 necrophages
  10 snapping turtle zombies
  2 manticore zombies
  37 ogres
  3 swamp dragon skeletons
  An alligator simulacrum (Hell)
  An elephant zombie (Lair:6)
  3 manticore skeletons
  3 boggarts (Vaults:1)
  3 snapping turtle skeletons
  26 small abominations
  34 wolves
  A lindwurm skeleton (Crypt:1)
  13 phantoms
  10 centaurs
  A kobold brigand (D:8)
  21 bullfrogs
  4 gnoll sergeants
  5 earth elementals
  A wyvern zombie (D:9)
  A cane toad simulacrum (Lair:6)
  3 scorpions
  A queen bee zombie (Crypt:3)
  A yak zombie (Crypt:3)
  A spriggan zombie (Tar:7)
  An elephant simulacrum (Lair:6)
  11 killer bees
  4 electric eels
  81 wights
  16 crimson imps
  4 centaur zombies
  4 spriggan skeletons
  A bullfrog zombie (D:4)
  5 hounds
  A quasit (Abyss:1)
  A gnoll shaman (D:9)
  4 human zombies
  20 orc priests
  2 jellies
  2 centaur skeletons
  32 iron imps
  4 iguanas
  17 orc wizards
  11 hell rats
  An ogre zombie (Tar:5)
  A dwarf skeleton (Crypt:1)
  A tengu skeleton (Geh:1)
  66 mummies
  3 howler monkey zombies
  Robin (D:2)
  31 gnolls
  4 adders
  13 shadow imps
  22 white imps
  An ufetubus (Abyss:3)
  A worm zombie (Crypt:3)
  An iguana zombie (Crypt:3)
  An adder skeleton (D:5)
  2 worms (D:2)
  3 dart slugs
  111 orcs
  4 spectral bats (Ossuary)
  4 bats
  2 endoplasms
  A giant cockroach (D:3)
  13 gnoll zombies
  36 goblins
  26 hobgoblins
  10 jackals
  4 quokkas
  8 ball pythons
  6 bat simulacra (Ossuary)
  5 frilled lizards (D:1)
  3 goblin simulacra (Ossuary)
  8 goblin zombies
  4 hobgoblin zombies (Ossuary)
  12 kobolds
  3 kobold simulacra (Ossuary)
  A kobold skeleton (Tar:1)
  4 kobold zombies (Ossuary)
  An orc skeleton (Geh:1)
  4 orc zombies
  A quokka skeleton (Crypt:3)
  5 rats
  A rat simulacrum (Ossuary)
  3 spectral goblins (Ossuary)
  2 spectral kobolds (Ossuary)
  A spectral rat (Ossuary)
  5 ball lightnings (Pan)
  15 starspawn tentacles
5083 creatures vanquished.

Vanquished Creatures (collateral kills)
  Asmodeus (Geh:7)
  Mennas (Depths:3)
  Nikola (Elf:3)
  Jory (Vaults:4)
  A doom hound (Tar:1)
  A bone dragon (Tar:1)
  3 Brimstone Fiends
  5 Tzitzimimeh
  A tentacled monstrosity (Zot:4)
  An Ice Fiend (Dis:7)
  A Hell Sentinel (Dis:7)
  2 quicksilver dragons
  A tentacled starspawn (Abyss:3)
  A thorn hunter (Swamp:4)
  A sphinx (Depths:4)
  2 shadow dragons (Tar:1)
  A storm dragon (Zot:4)
  A nagaraja (Snake:4)
  A fire giant (Depths:4)
  An iron dragon (Depths:4)
  An orc warlord (Vaults:3)
  4 vault wardens
  3 vampire knights
  A bunyip (Swamp:3)
  A dire elephant (Vaults:3)
  A fire dragon (Depths:4)
  2 crystal guardians
  3 jiangshi (Tar:1)
  2 shambling mangroves (Swamp:4)
  A quicksilver dragon skeleton (Tar:1)
  2 vault guards (Vaults:4)
  A yaktaur captain (Vaults:4)
  A rakshasa (Depths:1)
  A peacekeeper (Vaults:3)
  A spriggan air mage (Depths:4)
  2 ironbound frosthearts
  A hell knight (Geh:7)
  11 spriggans
  3 iron golems (Dis:7)
  A vampire mage (Tar:1)
  A titan zombie (Dis:7)
  A deep troll earth mage (Depths:1)
  A titan skeleton (Geh:7)
  4 iron trolls
  3 skeletal warriors (Tar:1)
  A death drake (Tar:1)
  A golden dragon zombie (Dis:7)
  2 goliath frogs
  2 deep trolls (Depths:1)
  A swamp dragon (Swamp:4)
  2 spectral hydras (Swamp:4)
  2 flayed ghosts
  4 ironbound convokers (Vaults:3)
  2 wizards (Depths:2)
  2 wolf spider zombies
  A deep elf pyromancer (Elf:1)
  2 phantasmal warriors
  3 necromancers (Geh:7)
  An orc knight (Vaults:3)
  A deep elf zephyrmancer (Elf:2)
  A will-o-the-wisp (Swamp:1)
  A shock serpent zombie (Tar:1)
  A frost giant skeleton (Tar:1)
  3 vault sentinels
  2 yaktaurs
  A tengu conjurer (Depths:2)
  A tormentor (Dis:7)
  A hydra zombie (Tar:1)
  An ancient zyme (Abyss:3)
  A red devil (Dis:7)
  2 tyrant leeches
  A raiju (Abyss:3)
  8 hornets
  3 slime creatures (Vaults:3)
  A snapping turtle (shapeshifter) (Depths:1)
  A fire dragon zombie (Geh:7)
  2 fire dragon skeletons
  A shadow (Tar:1)
  A fire elemental (Geh:7)
  10 hell hounds
  3 swamp worms
  A hydra simulacrum (Swamp:4)
  4 swamp drakes (Swamp:4)
  4 necrophages (Tar:1)
  A manticore zombie (Dis:7)
  A small abomination (Abyss:1)
  3 iron imps (Dis:7)
  2 shadow imps (Tar:1)
170 creatures vanquished.

Vanquished Creatures (others)
  A golden dragon (Depths:5)
  A shadow dragon (Vaults:3)
  A fire giant (Depths:1)
  A cacodemon (Pan)
  A deep elf death mage (Elf:3)
  An ice dragon (Hell)
  A rakshasa (Pan)
  A peacekeeper (Vaults:4)
  2 naga sharpshooters (Snake:4)
  A death drake (Swamp:4)
  A glowing orange brain (Pan)
  A tengu skeleton (Depths:1)
  A centaur zombie (D:10)
  A rime drake (IceCv)
  2 hellwings (Pan)
  A hornet (Swamp:4)
  A shadow (Tar:1)
  2 humans (Lair:5)
  A snapping turtle zombie (Geh:7)
  A centaur (D:15)
  A ball lightning (Pan)
  3 bushes (Depths:4)
  A butterfly (Depths:4)
  23 foxfires
  47 fungi
  71 plants
  13 starspawn tentacles
  4 tentacles (Hell)
  10 withered plants (Lair:6)
196 creatures vanquished.

Grand Total: 5449 creatures vanquished

Notes
Turn   | Place    | Note
-------+----------+-------------------------------------------
     0 | D:1      | freelancePsychic the Djinni Air Elementalist began the
                  | quest for the Orb.
     0 | D:1      | Reached XP level 1. HP: 15/15 MP: 0/0
   195 | D:1      | Reached XP level 2. HP: 12/22 MP: 0/0
   531 | D:1      | Reached skill level 1 in Fighting
   638 | D:1      | Reached XP level 3. HP: 23/27 MP: 0/0
   638 | D:1      | Learned a level 1 spell: Animate Skeleton
  1332 | D:2      | Found a faded altar of an unknown god.
  1717 | D:2      | Reached XP level 4. HP: 29/33 MP: 0/0
  1902 | D:2      | Noticed Robin
  2555 | D:2      | Killed Robin
  2556 | D:2      | Reached XP level 5. HP: 28/38 MP: 0/0
  2556 | D:2      | Learned a level 2 spell: Slow
  3307 | D:3      | Reached XP level 6. HP: 22/45 MP: 0/0
  4137 | D:4      | Noticed a necrophage
  4143 | D:4      | Killed a necrophage
  4144 | D:4      | Reached XP level 7. HP: 24/50 MP: 0/0
  4144 | D:4      | Learned a level 2 spell: Call Imp
  4423 | D:4      | Reached skill level 5 in Spellcasting
  5635 | D:4      | Found a runed translucent gate.
  5635 | D:4      | Found a runed translucent gate.
  5635 | D:4      | Found a runed translucent gate.
  5636 | D:4      | Noticed bande's ghost (novice GrFi)
  5982 | D:5      | Entered Level 5 of the Dungeon
  6012 | D:5      | Identified a scroll of acquirement
  6014 | D:5      | Acquired the +9 scimitar of Pyromania {freeze, rPois Str+4
                  | Dex-2}
  6099 | D:5      | Noticed Menkaure
  6101 | D:5      | Killed Menkaure
  6102 | D:5      | Reached XP level 8. HP: 49/58 MP: 0/0
  6775 | D:5      | Reached skill level 5 in Fighting
  7338 | D:6      | Noticed Grinder
  7344 | D:6      | Paralysed by Grinder for 3 turns
  7347 | D:6      | Killed Grinder
  7819 | D:6      | Noticed Maggie
  7824 | D:6      | Killed Maggie
  7825 | D:6      | Reached XP level 9. HP: 38/66 MP: 0/0
  7825 | D:6      | Learned a level 3 spell: Summon Guardian Golem
  9117 | D:7      | Found a transporter.
  9117 | D:7      | Found a transporter.
  9122 | D:7      | Noticed a two-headed ogre
  9252 | D:7      | Found a staircase to the Ecumenical Temple.
  9626 | Temple   | Entered the Ecumenical Temple
  9775 | Temple   | Became a worshipper of Elyvilon the Healer
 10239 | D:8      | Found Suorgh's General Store.
 10243 | D:8      | Found Juwi's Specific Store.
 10251 | D:8      | Bought a +1 pair of gloves for 172 gold pieces
 10259 | D:8      | Reached XP level 10. HP: 70/75 MP: 0/0
 10297 | D:8      | Reached skill level 1 in Invocations
 10522 | D:8      | Reached * piety under Elyvilon
 10640 | D:8      | Found a sand-covered staircase.
 10646 | Ossuary  | Entered an ossuary
 12762 | D:9      | Noticed Gastronok
 12772 | D:9      | Killed Gastronok
 12773 | D:9      | Reached skill level 5 in Invocations
 13144 | D:9      | Noticed a two-headed ogre
 13149 | D:9      | Killed a two-headed ogre
 13150 | D:9      | Reached XP level 11. HP: 50/79 MP: 0/0
 13150 | D:9      | Learned a level 5 spell: Fireball
 13295 | D:9      | Reached ** piety under Elyvilon
 13771 | D:9      | Found a runed translucent door.
 13772 | D:9      | Noticed a centaur warrior
 13772 | D:9      | Noticed FacelessVoid's ghost (novice DsGl)
 13932 | D:9      | Found a staircase to the Orcish Mines.
 14558 | D:10     | Entered Level 10 of the Dungeon
 14602 | D:10     | Found a staircase to the Lair.
 15600 | D:10     | Reached *** piety under Elyvilon
 15979 | Lair:1   | Entered Level 1 of the Lair of Beasts
 16131 | Lair:1   | Noticed a four-headed hydra
 16135 | Lair:1   | Killed a four-headed hydra
 16187 | Lair:1   | Noticed a seven-headed hydra
 16190 | Lair:1   | Killed a seven-headed hydra
 16214 | Lair:1   | Found the +2 robe of Vines {NoPotionHeal Regen+++}
 16214 | Lair:1   | Noticed an oklob plant
 16425 | Lair:1   | Killed an oklob plant
 16426 | Lair:1   | Reached XP level 12. HP: 73/85 MP: 0/0
 16473 | Lair:1   | Noticed a four-headed hydra
 16478 | Lair:1   | Killed a four-headed hydra
 16785 | Lair:1   | Reached **** piety under Elyvilon
 17175 | Lair:2   | Reached skill level 10 in Spellcasting
 17255 | Lair:2   | Noticed a boulder beetle
 17260 | Lair:2   | Pacified a boulder beetle
 17268 | Lair:2   | Noticed an eight-headed hydra
 17275 | Lair:2   | Killed an eight-headed hydra
 17276 | Lair:2   | Reached XP level 13. HP: 63/94 MP: 0/0
 17276 | Lair:2   | Learned a level 5 spell: Bolt of Magma
 17380 | Lair:2   | Noticed a four-headed hydra
 17383 | Lair:2   | Killed a four-headed hydra
 17388 | Lair:2   | Reached skill level 10 in Fighting
 18335 | Lair:3   | Reached ***** piety under Elyvilon
 18815 | Lair:4   | Found a staircase to the Swamp.
 19116 | Lair:4   | Reached skill level 10 in Dodging
 19260 | Lair:4   | Reached XP level 14. HP: 101/105 MP: 0/0
 19345 | Lair:4   | Found a staircase to the Snake Pit.
 19687 | Lair:5   | Noticed Kirke
 19690 | Lair:5   | Killed Kirke
 19849 | Lair:5   | Identified the +1 robe of the Volcano {Str+4}
 20553 | Lair:6   | Entered Level 6 of the Lair of Beasts
 20650 | Lair:6   | Found a dark tunnel.
 20655 | Volcano  | Entered a volcano
 20896 | Lair:6   | Reached XP level 15. HP: 106/113 MP: 0/0
 20896 | Lair:6   | Learned a level 6 spell: Invisibility
 21030 | Lair:6   | Reached ****** piety under Elyvilon
 21148 | Lair:6   | Reached skill level 1 in Shields
 21414 | Lair:6   | Found a viscous altar of Jiyva.
 21415 | Lair:6   | Found a staircase to the Slime Pits.
 21543 | Lair:6   | Identified the +0 halberd "Pyxiengi" {vorpal, Str+4}
 21723 | Lair:6   | Reached skill level 10 in Invocations
 22185 | Orc:1    | Entered Level 1 of the Orcish Mines
 22277 | Orc:1    | Noticed Snorg
 22288 | Orc:1    | Killed Snorg
 22302 | Orc:1    | Noticed Harold
 22308 | Orc:1    | Killed Harold
 22319 | Orc:1    | Noticed Fannar
 22323 | Orc:1    | Killed Fannar
 22713 | Orc:2    | Entered Level 2 of the Orcish Mines
 22970 | Orc:2    | Found a staircase to the Elven Halls.
 23156 | Orc:2    | Reached XP level 16. HP: 115/122 MP: 0/0
 23242 | Orc:2    | Found Xaroxiterr's Weapon Shop.
 23244 | Orc:2    | Found Bynuthrue's General Store.
 23261 | Orc:2    | Found Casuamemm's Antique Weapon Shoppe.
 23290 | Orc:2    | Found Gaopn's Distillery.
 23507 | Orc:2    | Bought a potion of brilliance for 68 gold pieces
 23507 | Orc:2    | Bought a potion of haste for 170 gold pieces
 23507 | Orc:2    | Bought a potion of brilliance for 68 gold pieces
 23507 | Orc:2    | Bought a potion of resistance for 170 gold pieces
 23608 | D:8      | Bought a potion of resistance for 140 gold pieces
 23744 | D:11     | Noticed Sonja
 23746 | D:11     | Killed Sonja
 23781 | D:11     | Noticed Josephine
 23786 | D:11     | Killed Josephine
 23801 | D:11     | Found a flagged portal.
 23811 | Bailey   | Entered a bailey
 24207 | Bailey   | Identified the +10 battleaxe "Yveofuidgh" {spect, rN+
                  | rCorr}
 24220 | Bailey   | Identified the +4 ring mail of Voutuaq {Regen+}
 24229 | Bailey   | Acquired a manual of Dodging
 24231 | Bailey   | Acquired the ring "Sastioma" {rElec rF+ Str+4 SInv}
 24656 | D:11     | Found a runed translucent door.
 24959 | D:11     | Found a shimmering altar of Xom.
 24959 | D:11     | Noticed bjtr's ghost (journeyman GrVM)
 25038 | D:11     | Killed bjtr's ghost
 25618 | D:13     | Found Icke's Antique Weapon Boutique.
 25696 | D:13     | Gained mutation: You are weak. (Str -2) [mutagenic glow]
 25809 | D:13     | Found Caeppus's Armour Shoppe.
 25812 | D:13     | Bought a +0 hat of intelligence for 187 gold pieces
 25876 | D:13     | Found a gate to the Vaults.
 25910 | D:13     | Reached XP level 17. HP: 126/130 MP: 0/0
 25910 | D:13     | Learned a level 7 spell: Storm Form
 25974 | D:13     | Identified the +2 tower shield of the Ladybird {+Inv rF+
                  | rC+}
 26277 | D:14     | Found an iron altar of Okawaru.
 26293 | D:14     | Reached skill level 5 in Shields
 26410 | D:14     | Found a frozen archway.
 26420 | IceCv    | Entered an ice cave
 26608 | IceCv    | Reached skill level 15 in Dodging
 26759 | IceCv    | Identified the +7 war axe "Leblurhut" {vorpal, rC+}
 27522 | D:15     | Entered Level 15 of the Dungeon
 27596 | D:15     | Paralysed by something for 2 turns
 27683 | D:15     | Found a glowing golden altar of the Shining One.
 27883 | D:15     | Found a staircase to the Depths.
 28025 | D:15     | Found a broken altar of Ashenzari.
 28474 | Snake:1  | Entered Level 1 of the Snake Pit
 28554 | Snake:1  | Found Zeve's Assorted Antiques.
 28562 | Snake:1  | Bought a scroll of magic mapping for 80 gold pieces
 28873 | Snake:1  | Reached XP level 18. HP: 132/137 MP: 0/0
 28974 | Snake:1  | Identified the +3 leather armour of Agnosticism {rPois}
 29006 | Snake:2  | Reached skill level 10 in Shields
 29021 | Snake:2  | You are sucked into a shaft and drop 1 floor!
 29758 | Snake:2  | Acquired a manual of Shields
 30448 | Snake:3  | Noticed Jorgrun
 30453 | Snake:3  | Killed Jorgrun
 30541 | Snake:3  | Reached skill level 15 in Spellcasting
 30613 | Snake:3  | Noticed Aizul
 30621 | Snake:3  | Killed Aizul
 30738 | Snake:3  | Found Gishrisa's General Store.
 30747 | Snake:3  | Bought a potion of brilliance for 56 gold pieces
 30747 | Snake:3  | Bought a scroll of immolation for 49 gold pieces
 31000 | Snake:4  | Entered Level 4 of the Snake Pit
 31174 | Snake:4  | Noticed a quicksilver dragon
 31175 | Snake:4  | Pacified a quicksilver dragon
 31176 | Snake:4  | Reached XP level 19. HP: 99/142 MP: 0/0
 31176 | Snake:4  | Learned a level 6 spell: Shadow Creatures
 31359 | Snake:4  | Got a serpentine rune of Zot
 32077 | Swamp:1  | Entered Level 1 of the Swamp
 32077 | Swamp:1  | Found a transporter.
 32082 | Swamp:1  | Found a transporter.
 32085 | Swamp:1  | Found a bloodstained altar of Trog.
 32118 | Swamp:1  | Noticed Feimod's ghost (adept SpEn)
 32787 | Swamp:2  | Reached skill level 15 in Shields
 33551 | Swamp:3  | Reached skill level 15 in Fighting
 33669 | Swamp:4  | Entered Level 4 of the Swamp
 33714 | Swamp:4  | Reached XP level 20. HP: 110/149 MP: 0/0
 34276 | Swamp:4  | Found a blossoming altar of Fedhas.
 34302 | Swamp:4  | Found a basalt altar of Yredelemnul.
 34318 | Swamp:4  | Got a decaying rune of Zot
 34657 | Elf:1    | Entered Level 1 of the Elven Halls
 35897 | Elf:2    | Paralysed by an air elemental for 1 turns
 35941 | Elf:2    | Identified Roxanne's Incunabulum of Changing
 35941 | Elf:2    | Noticed Roxanne
 35962 | Elf:2    | Found Iruri's Antique Armour Emporium.
 36110 | Elf:2    | Found a runed translucent gate.
 36110 | Elf:2    | Found a runed translucent gate.
 36112 | Elf:2    | Found a runed translucent gate.
 36320 | Elf:3    | Entered Level 3 of the Elven Halls
 36481 | Elf:3    | Reached XP level 21. HP: 156/157 MP: 0/0
 36481 | Elf:3    | Learned a level 7 spell: Haunt
 36530 | Elf:3    | Identified the amulet of Tazox {Faith rPois}
 36597 | Elf:3    | Identified the +9 plate armour "Riteh" {Dex+3}
 36614 | Elf:3    | Identified the +0 scale mail of Myororch {rPois Regen+
                  | rCorr}
 36619 | Elf:3    | Identified the ring "Deex" {*Corrode rElec rF++ Str+6 SInv}
 36980 | Elf:3    | Found Yvu Daf's Jewellery Shop.
 36989 | Elf:3    | Bought the amulet of Vediggi {Reflect Regen+ SH+5} for 555
                  | gold pieces
 37091 | Elf:3    | Noticed Nikola
 37098 | Elf:3    | Killed Nikola
 37299 | Elf:3    | Paralysed by an air elemental for 1 turns
 37687 | Vaults:1 | Entered Level 1 of the Vaults
 38300 | Vaults:1 | Reached XP level 22. HP: 165/166 MP: 0/0
 38683 | Vaults:1 | Found Zumay's Antique Armour Shop.
 39098 | Vaults:2 | Found Qubaz's Magic Scroll Emporium.
 39407 | Vaults:2 | Found a staircase to the Crypt.
 39489 | Vaults:2 | Identified the +6 plate armour "Gufoc" {Int+3}
 39762 | Vaults:3 | HP: 6/143 [tengu reaver/bolt of lightning (17)]
 39765 | Vaults:3 | Elyvilon protects you from harm!
 40113 | Vaults:3 | Reached XP level 23. HP: 163/171 MP: 0/0
 40113 | Vaults:3 | Learned a level 8 spell: Summon Horrible Things
 40666 | Vaults:3 | Found Zasap's Assorted Antiques.
 40689 | Vaults:3 | Bought a scroll of immolation for 94 gold pieces
 41136 | Vaults:4 | Noticed Jory
 41145 | Vaults:4 | Killed Jory
 42485 | Slime:1  | Entered Level 1 of the Pits of Slime
 42591 | Slime:5  | Entered Level 5 of the Pits of Slime
 42650 | Slime:5  | Reached XP level 24. HP: 150/177 MP: 0/0
 42697 | Slime:5  | Gained mutation: Your body sometimes deteriorates upon
                  | taking damage. [a shining eye]
 42716 | Slime:5  | Noticed the Royal Jelly
 42735 | Slime:5  | Killed the Royal Jelly
 42826 | Slime:5  | Found the +2 hat of the Bear Spirit {Spirit, +Rage rN+
                  | Will++}
 42859 | Slime:5  | Identified the +10 trident of Upheaval {freeze, Fly rF-
                  | Stlth+}
 42888 | Slime:5  | Got a slimy rune of Zot
 42903 | Slime:5  | Identified the +7 halberd of Luceme Cale {vorpal, rN+ Int-2
                  | Dex+4}
 42954 | Slime:5  | Identified the +3 arbalest of Ravage {elec, rElec rN+
                  | Will++}
 43595 | Depths:1 | Entered Level 1 of the Depths
 43613 | Depths:1 | Found a gateway to a ziggurat.
 43654 | Depths:1 | Found a bloodstained altar of Trog.
 43903 | Depths:1 | Found a one-way gate to the infinite horrors of the Abyss.
 43903 | Depths:1 | Noticed Louise
 43910 | Depths:1 | Killed Louise
 44100 | Depths:1 | Found a gateway to Hell.
 44622 | Depths:2 | Reached XP level 25. HP: 163/184 MP: 0/0
 44622 | Depths:2 | Learned a level 8 spell: Infestation
 45305 | Depths:3 | Noticed Mennas
 45337 | Depths:3 | Killed Mennas
 45551 | Depths:3 | Found a one-way gate leading to the halls of Pandemonium.
 47048 | Depths:4 | Reached XP level 26. HP: 129/190 MP: 0/0
 47382 | Depths:4 | Found a white marble altar of Elyvilon.
 47479 | Depths:4 | Voluntarily entered the Abyss.
 48402 | Abyss:3  | Found a corrupted altar of Lugonu.
 48829 | Abyss:3  | Got an abyssal rune of Zot
 48890 | Depths:4 | Escaped the Abyss
 48905 | Depths:5 | Entered Level 5 of the Depths
 48999 | Depths:5 | Found Egaxke's Assorted Antiques.
 49459 | Depths:5 | Reached XP level 27. HP: 180/196 MP: 0/0
 49459 | Depths:5 | Learned a level 9 spell: Shatter
 49616 | Depths:5 | Found a gate to the Realm of Zot.
 49908 | D:15     | Fell from the grace of Elyvilon
 49908 | D:15     | Became a worshipper of the Shining One
 49908 | D:15     | Reached * piety under the Shining One
 49908 | D:15     | Reached ** piety under the Shining One
 49908 | D:15     | Reached *** piety under the Shining One
 50083 | Crypt:1  | Entered Level 1 of the Crypt
 50695 | Crypt:1  | Reached **** piety under the Shining One
 50778 | Crypt:1  | Reached ***** piety under the Shining One
 51006 | Crypt:1  | Reached ****** piety under the Shining One
 52186 | Crypt:3  | Entered Level 3 of the Crypt
 52466 | Crypt:3  | Identified the amulet "Xyral" {rC+ Regen+ rCorr}
 52517 | Crypt:3  | Identified the ring of Sorauleuro {rF+ rN+ Slay+3}
 52517 | Crypt:3  | Identified the ring of Oralat {rElec rC- rN+ rCorr Dex+6}
 52520 | Crypt:3  | Noticed a dread lich
 52520 | Crypt:3  | Noticed an ancient lich
 52528 | Crypt:3  | Killed a dread lich
 52532 | Crypt:3  | Killed an ancient lich
 52544 | Crypt:3  | Identified the Almanac of Creative Envenoming
 52546 | Crypt:3  | Identified the ring of Xom's Best Wishes {Wiz *Corrode
                  | rPois rF+ rC+}
 52616 | Crypt:3  | Found a staircase to the Tomb.
 52698 | Crypt:3  | Found a basalt altar of Yredelemnul.
 53098 | Tomb:1   | Entered Level 1 of the Tomb of the Ancients
 53099 | Tomb:1   | Noticed a royal mummy
 53128 | Tomb:1   | Noticed a royal mummy
 53129 | Tomb:1   | Noticed a royal mummy
 53136 | Crypt:3  | Killed a royal mummy
 53139 | Crypt:3  | Killed a royal mummy
 53191 | Tomb:1   | Killed a royal mummy
 53198 | Tomb:1   | Noticed a royal mummy
 53200 | Tomb:1   | Noticed a royal mummy
 53261 | Crypt:3  | Killed a royal mummy
 53278 | Tomb:1   | Killed a royal mummy
 53287 | Tomb:1   | Noticed a royal mummy
 53291 | Tomb:1   | Noticed a royal mummy
 53292 | Tomb:1   | Noticed a royal mummy
 53293 | Tomb:1   | Killed a royal mummy
 53295 | Tomb:1   | Killed a royal mummy
 53299 | Tomb:1   | Killed a royal mummy
 53361 | Tomb:1   | Noticed a royal mummy
 53365 | Tomb:1   | Killed a royal mummy
 53376 | Tomb:1   | Noticed a royal mummy
 53378 | Tomb:1   | Noticed a royal mummy
 53379 | Tomb:1   | Noticed a royal mummy
 53381 | Tomb:1   | Noticed Frederick
 53439 | Tomb:1   | Noticed a royal mummy
 53464 | Tomb:1   | Killed Frederick
 53510 | Crypt:3  | Killed a royal mummy
 53848 | Hell     | Entered the Vestibule of Hell
 53848 | Hell     | Noticed Geryon
 53850 | Hell     | Noticed Murray
 53852 | Hell     | Killed Murray
 53884 | Hell     | Killed Geryon
 53993 | Hell     | Found a gateway to the Iron City of Dis.
 54051 | Hell     | Found a gateway to the ashen valley of Gehenna.
 54117 | Hell     | Found a gateway to the decaying netherworld of Tartarus.
 54214 | Hell     | Found a gateway to the freezing wastes of Cocytus.
 54345 | Geh:1    | Entered Level 1 of Gehenna
 54678 | Geh:2    | Gained mutation: You are clumsy. (Dex -2) [mutagenic glow]
 55121 | Geh:7    | Entered Level 7 of Gehenna
 55143 | Geh:7    | Noticed the Serpent of Hell
 55262 | Geh:2    | Gained mutation: You tend to lose your temper in combat.
                  | [mutagenic glow]
 55290 | Geh:2    | Lost mutation: You are clumsy. (Dex -2) [potion of
                  | mutation]
 55290 | Geh:2    | Gained mutation: Your spells are a little easier to cast,
                  | but a little less powerful. [potion of mutation]
 55290 | Geh:2    | Gained mutation: You are partially covered in iridescent
                  | scales. (AC +2) [potion of mutation]
 55290 | Geh:2    | Lost mutation: You tend to lose your temper in combat.
                  | [potion of mutation]
 55291 | Geh:2    | Lost mutation: You are partially covered in iridescent
                  | scales. (AC +2) [potion of mutation]
 55291 | Geh:2    | Lost mutation: You are weak. (Str -2) [potion of mutation]
 55291 | Geh:2    | Lost mutation: Your spells are a little easier to cast, but
                  | a little less powerful. [potion of mutation]
 55291 | Geh:2    | Gained mutation: Your spells are a little easier to cast,
                  | but a little less powerful. [potion of mutation]
 55291 | Geh:2    | Gained mutation: You are partially covered in iridescent
                  | scales. (AC +2) [potion of mutation]
 55298 | Geh:2    | Gained mutation: You sometimes lose the ability to read
                  | scrolls when taking damage. [mutagenic glow]
 56346 | Geh:7    | Killed the Serpent of Hell
 56486 | Geh:7    | Found the +7 sceptre of Asmodeus
 56486 | Geh:7    | Noticed Asmodeus
 56536 | Geh:7    | Identified the ring "Zuedete" {Fire rCorr Str+4}
 56544 | Geh:7    | Got an obsidian rune of Zot
 56557 | Geh:7    | Killed Asmodeus
 56559 | Geh:7    | Identified the ring of Meapt {rElec rPois}
 56562 | Geh:7    | Identified the amulet "Xolaceni" {RegenMP Fragile rF+ rC+
                  | Int+6}
 56575 | Geh:7    | Identified the +5 plate armour of Plasticity {Slay+3}
 56687 | Dis:1    | Entered Level 1 of the Iron City of Dis
 56993 | Dis:3    | You are sucked into a shaft and drop 2 floors!
 57100 | Dis:5    | You are sucked into a shaft and drop 1 floor!
 57141 | Dis:7    | Entered Level 7 of the Iron City of Dis
 57569 | Dis:7    | HP: 6/197 [Brimstone Fiend/damnation (44)]
 57760 | Dis:7    | Found the +4 staff of Dispater
 57760 | Dis:7    | Noticed Dispater
 57794 | Dis:7    | Killed Dispater
 57846 | Dis:7    | Found the brooch of Shielding {Spirit SH+8}
 57862 | Dis:7    | Got an iron rune of Zot
 57864 | Dis:7    | Identified the ring "Decasuegg" {rElec rPois rC- rN+ MP-9}
 58046 | Tar:1    | Entered Level 1 of Tartarus
 58427 | Tar:1    | Reached skill level 1 in Maces & Flails
 58461 | Tar:1    | Lost mutation: You sometimes lose the ability to read
                  | scrolls when taking damage. [potion of mutation]
 58461 | Tar:1    | Lost mutation: Your body sometimes deteriorates upon taking
                  | damage. [potion of mutation]
 58461 | Tar:1    | Gained mutation: You occasionally shout uncontrollably at
                  | your foes. [potion of mutation]
 58462 | Tar:1    | Lost mutation: You occasionally shout uncontrollably at
                  | your foes. [potion of mutation]
 58462 | Tar:1    | Lost mutation: You are partially covered in iridescent
                  | scales. (AC +2) [potion of mutation]
 58462 | Tar:1    | Gained mutation: You sometimes lose the ability to read
                  | scrolls when taking damage. [potion of mutation]
 58463 | Tar:1    | Lost mutation: Your spells are a little easier to cast, but
                  | a little less powerful. [potion of mutation]
 58463 | Tar:1    | Lost mutation: You sometimes lose the ability to read
                  | scrolls when taking damage. [potion of mutation]
 58463 | Tar:1    | Gained mutation: Armour fits poorly on your strangely
                  | shaped body. [potion of mutation]
 58463 | Tar:1    | Gained mutation: Your natural rate of healing is unusually
                  | fast. [potion of mutation]
 58463 | Tar:1    | Gained mutation: Your mind is acute. (Int +2) [potion of
                  | mutation]
 58948 | Tar:1    | Reached skill level 5 in Maces & Flails
 59671 | Tar:4    | Reached skill level 10 in Maces & Flails
 60069 | Tar:7    | Entered Level 7 of Tartarus
 60176 | Tar:7    | Identified the +8 scimitar of the Endless March {protect,
                  | rElec Dex+4 SInv}
 60177 | Tar:7    | Identified the ring "Simualae" {*Slow rElec rPois rC+ Will+
                  | Dex+4}
 60290 | Tar:7    | Found the +6 shillelagh "Devastator" {shatter}
 60439 | Tar:7    | Identified the ring of Skepticism {rF- rC++ rN+ AC+4
                  | Stlth+}
 60442 | Tar:7    | Identified the +0 robe of Precision Catastrophes {rC- rCorr
                  | Dex+4 SInv}
 60605 | Tar:7    | Noticed a dread lich
 60607 | Tar:7    | Killed a dread lich
 60632 | Tar:7    | Identified the ring "Durivuiwn" {*Slow MP+9 Dex+4 SInv}
 60738 | Tar:7    | Got a bone rune of Zot
 60808 | Coc:1    | Entered Level 1 of Cocytus
 61338 | Coc:3    | You are sucked into a shaft and drop 2 floors!
 61361 | Coc:5    | Noticed a shard shrike
 61361 | Coc:5    | Noticed a shard shrike
 61361 | Coc:5    | Noticed a shard shrike
 61363 | Coc:5    | Killed a shard shrike
 61364 | Coc:5    | Killed a shard shrike
 61366 | Coc:5    | Killed a shard shrike
 61378 | Coc:6    | Noticed a shard shrike
 61384 | Coc:6    | Killed a shard shrike
 61401 | Coc:7    | Entered Level 7 of Cocytus
 61403 | Coc:7    | Noticed a shard shrike
 61403 | Coc:7    | Noticed a shard shrike
 61404 | Coc:7    | Noticed a shard shrike
 61407 | Coc:7    | Killed a shard shrike
 61408 | Coc:7    | Killed a shard shrike
 61410 | Coc:7    | Noticed a shard shrike
 61414 | Coc:7    | Killed a shard shrike
 61415 | Coc:7    | Killed a shard shrike
 61416 | Coc:7    | Reached skill level 27 in Spellcasting
 61733 | Coc:5    | Noticed a shard shrike
 61734 | Coc:5    | Noticed a shard shrike
 61735 | Coc:5    | Noticed a shard shrike
 61738 | Coc:5    | Killed a shard shrike
 61739 | Coc:5    | Killed a shard shrike
 61741 | Coc:5    | Killed a shard shrike
 61799 | Coc:7    | Noticed a shard shrike
 61802 | Coc:7    | Killed a shard shrike
 62206 | Coc:7    | Identified the +8 giant spiked club of Tortured Defence
                  | {flame, *Noise Fragile rN++ Dex+8}
 62523 | Coc:7    | Noticed Antaeus
 62536 | Coc:7    | Killed Antaeus
 62546 | Coc:7    | Got an icy rune of Zot
 62807 | Vaults:5 | Entered Level 5 of the Vaults
 62914 | Vaults:5 | Noticed an ancient lich
 62917 | Vaults:5 | Killed an ancient lich
 62996 | Vaults:5 | Identified the ring of Noshesoc {rElec rCorr Stlth+}
 63074 | Vaults:5 | Identified the ring of Jeony {Fly rN+ Int+2 Dex+2 SInv}
 63252 | Vaults:5 | Got a silver rune of Zot
 63478 | Tomb:1   | Killed a royal mummy
 63479 | Tomb:1   | Killed a royal mummy
 63484 | Tomb:1   | Killed a royal mummy
 63489 | Tomb:1   | Noticed a royal mummy
 63491 | Tomb:1   | Noticed a royal mummy
 63493 | Tomb:1   | Killed a royal mummy
 63494 | Tomb:1   | Killed a royal mummy
 63495 | Tomb:1   | Noticed a royal mummy
 63498 | Tomb:1   | Killed a royal mummy
 63507 | Tomb:1   | Noticed a royal mummy
 63511 | Tomb:1   | Noticed a royal mummy
 63512 | Tomb:1   | Killed a royal mummy
 63514 | Tomb:1   | Killed a royal mummy
 63592 | Tomb:1   | Noticed a royal mummy
 63595 | Tomb:1   | Killed a royal mummy
 64161 | Tomb:2   | Noticed a royal mummy
 64161 | Tomb:2   | Noticed a royal mummy
 64161 | Tomb:2   | Noticed a royal mummy
 64163 | Tomb:2   | Noticed a royal mummy
 64164 | Tomb:2   | Killed a royal mummy
 64164 | Tomb:2   | Killed a royal mummy
 64165 | Tomb:2   | Killed a royal mummy
 64167 | Tomb:2   | Killed a royal mummy
 64453 | Tomb:3   | Entered Level 3 of the Tomb of the Ancients
 64475 | Tomb:3   | Noticed a royal mummy
 64477 | Tomb:3   | Noticed a royal mummy
 64478 | Tomb:3   | Killed a royal mummy
 64479 | Tomb:3   | Killed a royal mummy
 64479 | Tomb:3   | Noticed a royal mummy
 64479 | Tomb:3   | Noticed a royal mummy
 64482 | Tomb:3   | Killed a royal mummy
 64482 | Tomb:3   | Noticed a royal mummy
 64482 | Tomb:3   | Noticed a royal mummy
 64483 | Tomb:3   | Killed a royal mummy
 64484 | Tomb:3   | Reached skill level 27 in Fighting
 64485 | Tomb:3   | Killed a royal mummy
 64485 | Tomb:3   | Killed a royal mummy
 64486 | Tomb:3   | Noticed a royal mummy
 64486 | Tomb:3   | Noticed a royal mummy
 64488 | Tomb:3   | Killed a royal mummy
 64489 | Tomb:3   | Killed a royal mummy
 64504 | Tomb:3   | Reached skill level 27 in Dodging
 64601 | Tomb:3   | Noticed a royal mummy
 64605 | Tomb:3   | Killed a royal mummy
 64606 | Tomb:3   | Reached skill level 15 in Invocations
 64799 | Tomb:3   | Got a golden rune of Zot
 64857 | Tomb:3   | Identified the +0 robe of the Pits of Slime {Contam rCorr
                  | Str+5}
 64925 | Tomb:3   | Acquired 638 gold pieces
 65402 | Pan      | Entered Pandemonium
 65444 | Pan      | Noticed Vav Zos the pandemonium lord
 65450 | Pan      | Gained mutation: You occasionally shout uncontrollably at
                  | your foes. [mutagenic glow]
 65453 | Pan      | Killed Vav Zos the pandemonium lord
 65461 | Pan      | Found an exit through the horrors of the Abyss.
 65480 | Pan      | Gained mutation: You are frail. (-10% HP) [mutagenic glow]
 65499 | Pan      | Lost mutation: Your natural rate of healing is unusually
                  | fast. [mutagenic glow]
 65499 | Pan      | Gained mutation: You do not regenerate when monsters are
                  | visible. [mutagenic glow]
 65500 | Pan      | Lost mutation: You are frail. (-10% HP) [potion of
                  | mutation]
 65500 | Pan      | Gained mutation: Your muscles are strong. (Str +2) [potion
                  | of mutation]
 65500 | Pan      | Lost mutation: Your mind is acute. (Int +2) [potion of
                  | mutation]
 65500 | Pan      | Gained mutation: You are robust. (+10% HP) [potion of
                  | mutation]
 65501 | Pan      | Lost mutation: Your muscles are strong. (Str +2) [potion of
                  | mutation]
 65501 | Pan      | Lost mutation: You are robust. (+10% HP) [potion of
                  | mutation]
 65501 | Pan      | Gained mutation: Your body sometimes deteriorates upon
                  | taking damage. [potion of mutation]
 65502 | Pan      | Lost mutation: You occasionally shout uncontrollably at
                  | your foes. [potion of mutation]
 65502 | Pan      | Lost mutation: Armour fits poorly on your strangely shaped
                  | body. [potion of mutation]
 65502 | Pan      | Gained mutation: You possess an exceptional clarity of
                  | mind. [potion of mutation]
 65503 | Pan      | Lost mutation: Your body sometimes deteriorates upon taking
                  | damage. [potion of mutation]
 65503 | Pan      | Lost mutation: You possess an exceptional clarity of mind.
                  | [potion of mutation]
 65503 | Pan      | Lost mutation: You do not regenerate when monsters are
                  | visible. [potion of mutation]
 65503 | Pan      | Gained mutation: You are weak. (Str -2) [potion of
                  | mutation]
 65511 | Pan      | Gained mutation: You are occasionally teleported next to
                  | monsters. [mutagenic glow]
 65772 | Pan      | Entered the realm of Gloorx Vloq.
 65776 | Pan      | Noticed Gloorx Vloq
 65787 | Pan      | Killed Gloorx Vloq
 65843 | Pan      | Got a dark rune of Zot
 66015 | Pan      | Noticed Baijaac the pandemonium lord
 66016 | Pan      | Gained mutation: You are frail. (-10% HP) [a cacodemon]
 66019 | Pan      | Killed Baijaac the pandemonium lord
 66058 | Pan      | Gained mutation: You are very frail. (-20% HP) [a
                  | cacodemon]
 66058 | Pan      | Gained mutation: You are sometimes teleported next to
                  | monsters. [a cacodemon]
 66062 | Pan      | Gained mutation: You occasionally shout uncontrollably at
                  | your foes. [a cacodemon]
 66063 | Pan      | Gained mutation: You have a pair of small horns on your
                  | head. [a cacodemon]
 66130 | Pan      | Entered the realm of Cerebov.
 66244 | Pan      | Identified the +1 shadow dragon scales of Rotation
                  | {*Corrode rC+ Will+ Str+4 Stlth++++}
 66324 | Pan      | Found the +6 sword of Cerebov {flame}
 66324 | Pan      | Noticed Cerebov
 66337 | Pan      | Killed Cerebov
 66364 | Pan      | Identified the ring of Zyrr {rC+ rCorr Dex+3}
 66626 | Pan      | Got a fiery rune of Zot
 66685 | Pan      | HP: 2/182 [daeva/divine providence (12)]
 67009 | Pan      | Found a white marble altar of Elyvilon.
 67137 | Pan      | Fell from the grace of the Shining One
 67137 | Pan      | Became a worshipper of Elyvilon the Healer
 67832 | Pan      | Found a glowing silver altar of Zin.
 67832 | Pan      | Identified the +1 scale mail "Xeujeo" {+Blink Dex+5 SInv
                  | Stlth+}
 68037 | Pan      | Identified the ring of Husiw {rF+ AC+4}
 68038 | Pan      | Noticed a seraph
 68050 | Pan      | Killed a seraph
 68113 | Pan      | Identified the amulet of Yendor {Spirit Will+ Stlth+}
 68123 | Pan      | Found a glowing golden altar of the Shining One.
 68129 | Pan      | Got a demonic rune of Zot
 68532 | Pan      | Gained mutation: Potions are less effective at restoring
                  | your health. [a cacodemon]
 68839 | Pan      | Noticed Haimniez the pandemonium lord
 68842 | Pan      | Killed Haimniez the pandemonium lord
 69090 | Pan      | Entered the realm of Mnoleg.
 69098 | Pan      | Found an exit through the horrors of the Abyss.
 69100 | Pan      | Gained mutation: You tend to lose your temper in combat. [a
                  | cacodemon]
 69137 | Pan      | Noticed Mnoleg
 69142 | Pan      | Killed Mnoleg
 69150 | Pan      | Gained mutation: You are dopey. (Int -2) [a neqoxec]
 69166 | Pan      | Got a glowing rune of Zot
 69231 | Pan      | Noticed Kibe Kunlem the pandemonium lord
 69240 | Pan      | Killed Kibe Kunlem the pandemonium lord
 69245 | Pan      | Reached skill level 27 in Invocations
 69245 | Pan      | Reached skill level 1 in Armour
 69265 | Pan      | Found an exit through the horrors of the Abyss.
 69345 | Pan      | Reached skill level 5 in Armour
 69361 | Pan      | Noticed Goodowk the pandemonium lord
 69389 | Pan      | Killed Goodowk the pandemonium lord
 69398 | Pan      | HP: 9/182 [disintegration (102)]
 69399 | Pan      | HP: 2/182 [smoke demon/divine providence (14)]
 69402 | Pan      | Elyvilon protects you from harm!
 69921 | Pan      | Found an exit through the horrors of the Abyss.
 70064 | Pan      | Noticed Tedapn Bajo the pandemonium lord
 70096 | Pan      | Killed Tedapn Bajo the pandemonium lord
 70170 | Pan      | Identified the +4 falchion of the Jolly Curses {speed,
                  | rElec Stlth+}
 70182 | Pan      | Found a runed translucent door.
 70191 | Pan      | Reached skill level 10 in Armour
 70220 | Pan      | Found an exit through the horrors of the Abyss.
 70250 | Pan      | Found an exit through the horrors of the Abyss.
 70262 | Pan      | Noticed Fozoocs the pandemonium lord
 70268 | Pan      | Killed Fozoocs the pandemonium lord
 70295 | Pan      | Entered the realm of Lom Lobon.
 70432 | Pan      | Noticed Lom Lobon
 70437 | Pan      | Got a magical rune of Zot
 70448 | Pan      | Found an exit through the horrors of the Abyss.
 70457 | Pan      | Took an exit into the Abyss.
 70457 | Abyss:1  | Escaped into the Abyss
 70485 | Depths:3 | Escaped the Abyss
 70567 | Zig:1    | Entered Level 1 of a ziggurat
 70567 | Zig:1    | Identified the +0 buckler of the Garden {Rampage Str+4}
 70587 | Zig:2    | Entered Level 2 of a ziggurat
 70602 | Zig:3    | Entered Level 3 of a ziggurat
 70621 | Zig:4    | Entered Level 4 of a ziggurat
 70631 | Zig:4    | Found the +8 glaive of the Guard {elec, spectral, AC+5}
 70631 | Zig:4    | Found the +12 glaive of Prune {vorpal}
 70658 | Zig:5    | Entered Level 5 of a ziggurat
 70686 | Zig:6    | Entered Level 6 of a ziggurat
 70711 | Zig:7    | Entered Level 7 of a ziggurat
 70719 | Zig:7    | Found the +8 mithril axe "Arga" {speed, Will+}
 70724 | Zig:7    | Identified the +1 ring mail of Disappointment {rCorr Slay-5
                  | Stlth+}
 70733 | Zig:8    | Entered Level 8 of a ziggurat
 70740 | Zig:8    | Noticed a dread lich
 70742 | Zig:8    | Killed a dread lich
 70762 | Zig:8    | Lost mutation: You occasionally shout uncontrollably at
                  | your foes. [potion of mutation]
 70762 | Zig:8    | Gained mutation: You sometimes lose the ability to read
                  | scrolls when taking damage. [potion of mutation]
 70762 | Zig:8    | Gained mutation: You are agile. (Dex +2) [potion of
                  | mutation]
 70763 | Zig:8    | Lost mutation: You are agile. (Dex +2) [potion of mutation]
 70763 | Zig:8    | Lost mutation: You are very frail. (-20% HP) [potion of
                  | mutation]
 70763 | Zig:8    | Gained mutation: You are often teleported next to monsters.
                  | [potion of mutation]
 70764 | Zig:8    | Lost mutation: You are often teleported next to monsters.
                  | [potion of mutation]
 70764 | Zig:8    | Lost mutation: You are frail. (-10% HP) [potion of
                  | mutation]
 70764 | Zig:8    | Gained mutation: You often lose your temper in combat.
                  | [potion of mutation]
 70775 | Zig:9    | Entered Level 9 of a ziggurat
 70784 | Zig:9    | Reached skill level 15 in Armour
 70810 | Zig:10   | Entered Level 10 of a ziggurat
 70818 | Zig:10   | Noticed a royal mummy
 70819 | Zig:10   | Noticed a royal mummy
 70820 | Zig:10   | Found the +7 great mace "Undeadhunter" {disrupt, rN+}
 70820 | Zig:10   | Noticed a royal mummy
 70823 | Zig:10   | Noticed a royal mummy
 70823 | Zig:10   | Killed a royal mummy
 70823 | Zig:10   | Killed a royal mummy
 70824 | Zig:10   | Killed a royal mummy
 70824 | Zig:10   | Killed a royal mummy
 70897 | Zig:10   | Lost mutation: Potions are less effective at restoring your
                  | health. [potion of mutation]
 70897 | Zig:10   | Lost mutation: You often lose your temper in combat.
                  | [potion of mutation]
 70897 | Zig:10   | Gained mutation: You are clumsy. (Dex -2) [potion of
                  | mutation]
 70900 | Zig:11   | Entered Level 11 of a ziggurat
 70926 | Zig:11   | Identified the amulet "Papper" {Acrobat *Corrode +Blink rF+
                  | Regen+}
 70943 | Zig:12   | Entered Level 12 of a ziggurat
 70996 | Zig:13   | Entered Level 13 of a ziggurat
 71038 | Zig:13   | Found the +4 dagger "Morg" {pain, Will+ Int+5}
 71051 | Zig:13   | Identified the ring of Muly {Ice Str-3 Int+4 Dex+2}
 71057 | Zig:13   | Identified the Incunabulum of Untold Secrets
 71094 | Zig:14   | Entered Level 14 of a ziggurat
 71105 | Zig:14   | Noticed a juggernaut
 71109 | Zig:14   | Killed a juggernaut
 71111 | Zig:14   | Noticed a juggernaut
 71115 | Zig:14   | Killed a juggernaut
 71122 | Zig:14   | Found the ring of the Octopus King
 71130 | Zig:14   | Lost mutation: You are dopey. (Int -2) [potion of mutation]
 71130 | Zig:14   | Lost mutation: You tend to lose your temper in combat.
                  | [potion of mutation]
 71130 | Zig:14   | Lost mutation: You sometimes lose the ability to read
                  | scrolls when taking damage. [potion of mutation]
 71130 | Zig:14   | Lost mutation: You are weak. (Str -2) [potion of mutation]
 71132 | Zig:14   | Identified a ring of the Octopus King {rC+ AC+1 EV+1 Str+1
                  | Int+1 Dex+1}
 71134 | Zig:15   | Entered Level 15 of a ziggurat
 71157 | Zig:15   | Noticed Qecog the pandemonium lord
 71165 | Zig:15   | HP: 4/228 [Qecog the pandemonium lord/great icy blast (62)]
 71181 | Zig:15   | Killed Qecog the pandemonium lord
 71225 | Zig:15   | Found the +3 pair of seven-league boots {Rampage+∞}
 71232 | Zig:15   | Identified the +9 trident of Rotation {freeze, rPois Int-4
                  | Dex+7}
 71235 | Zig:15   | Lost mutation: You are clumsy. (Dex -2) [potion of
                  | mutation]
 71235 | Zig:15   | Lost mutation: You have a pair of small horns on your head.
                  | [potion of mutation]
 71235 | Zig:15   | Gained mutation: You are resistant to electric shocks.
                  | (rElec) [potion of mutation]
 71235 | Zig:15   | Gained mutation: You expend health (3 HP) to strengthen
                  | your wands. [potion of mutation]
 71235 | Zig:15   | Gained mutation: A frigid envelope surrounds you and
                  | freezes all who hurt you. [potion of mutation]
 71246 | Zig:15   | Identified the +9 spear of Vecied {vamp, *Slow Str+7}
 71418 | Zot:1    | Entered Level 1 of the Realm of Zot
 71605 | Zot:2    | Identified the amulet "Emuatt" {Faith rF- Dex+6}
 72260 | Zot:4    | Noticed an orb of fire
 72270 | Zot:4    | Killed an orb of fire
 73139 | Zot:5    | Entered Level 5 of the Realm of Zot
 73141 | Zot:5    | Noticed HilariousDeathArtist's ghost (legendary GrHu)
 73142 | Zot:5    | Noticed Pooter's ghost (legendary MiBe)
 73142 | Zot:5    | Noticed Drazool's ghost (legendary DjFE)
 73142 | Zot:5    | Noticed krigyl's ghost (legendary FoNe)
 73158 | Zot:4    | Killed krigyl's ghost
 73200 | Zot:4    | Killed HilariousDeathArtist's ghost
 73289 | Zot:4    | Killed Pooter's ghost
 73410 | Zot:5    | Noticed a dread lich
 73412 | Zot:5    | Killed a dread lich
 73412 | Zot:5    | Noticed an orb of fire
 73414 | Zot:5    | Noticed an orb of fire
 73416 | Zot:5    | Noticed an orb of fire
 73417 | Zot:5    | Noticed an orb of fire
 73419 | Zot:5    | Gained mutation: You sometimes lose the ability to read
                  | scrolls when taking damage. [an orb of fire]
 73421 | Zot:5    | Noticed an orb of fire
 73424 | Zot:5    | Gained mutation: You are frail. (-10% HP) [an orb of fire]
 73425 | Zot:5    | Noticed a Killer Klown
 73427 | Zot:5    | Noticed a Killer Klown
 73431 | Zot:5    | Noticed an orb of fire
 73431 | Zot:5    | Noticed a Killer Klown
 73432 | Zot:5    | Noticed an orb of fire
 73437 | Zot:5    | Killed a Killer Klown
 73439 | Zot:5    | Gained mutation: You do not regenerate when monsters are
                  | visible. [an orb of fire]
 73440 | Zot:5    | Noticed an orb of fire
 73441 | Zot:5    | Killed an orb of fire
 73441 | Zot:5    | Killed a Killer Klown
 73441 | Zot:5    | Gained mutation: You are clumsy. (Dex -2) [an orb of fire]
 73442 | Zot:5    | Killed a Killer Klown
 73443 | Zot:5    | Noticed a Killer Klown
 73447 | Zot:5    | Killed an orb of fire
 73447 | Zot:5    | Killed a Killer Klown
 73449 | Zot:5    | Gained mutation: You are dopey. (Int -2) [an orb of fire]
 73453 | Zot:5    | Gained mutation: You are very clumsy. (Dex -4) [an orb of
                  | fire]
 73459 | Zot:5    | Killed from afar by an orb of fire

Illustrated notes

Levels and vault maps discovered:
D:1:      dpeg_arrival_connections, layout_rooms
D:2:      layout_loops_cross, ebering_ecumenical_altar_abandoned, uniq_robin
D:3:      layout_rooms, overflow_temple_1_default, minmay_curled_crystal
D:4:      layout_layer_cave, ebering_ghost_rock_garden
D:5:      layout_loops_ring, uniq_menkaure
D:6:      layout_rooms, uniq_grinder, uniq_crazy_yiuf_cottage, uniq_maggie
D:7:      gammafunk_beogh_shrine, layout_loops_ring, minmay_temple_entry_waves
D:8:      layout_cave_pools, nicolae_ossuary_entry_giza, kennysheep_crisscross,
          nicolae_specific_store
D:9:      layout_roguey [special_room_orc], david_orc_2,
          ebering_ghost_inner_flame, uniq_gastronok
D:10:     layout_loops_corners, david_lair_generic, dk_noncrumbling_2,
          minmay_nine_imps
D:11:     layout_basic, enter_bailey_8, ebering_ghost_xom, wad_rectangle_vault,
          uniq_sonja, uniq_josephine
D:12:     layout_cave_pools
D:13:     layout_big_octagon, serial_shops, kennysheep_mini,
          nicolae_stop_n_shop_2
D:14:     layout_irregular_city, portal_ice_cave_entry_pillars_2,
          okawaru_ov_weapons_minmay
D:15:     hangedman_depths_entry_try_elsewhere_first, layout_irregular_city,
          nicolae_ashenzari_skybound, tso_metal_star
Temple:   kilobyte_greek_temple
Lair:1:   layout_cave_pods, hellmonk_guarded_unrand_vines, serial_bayou_shore_a,
          grunt_megastairs_5
Lair:2:   beast_lair_carwin_large_3, layout_long_grid
Lair:3:   layout_misc_corridors, beast_lair_carwin_6,
          infiniplex_staircase_pool_2
Lair:4:   layout_cave_pods, minmay_swamp_entry_swarm,
          minmay_snake_entry_guardpost_medium, grunt_megastairs_4,
          serial_bayou_shore_b
Lair:5:   nzn_winding_woodlands_small [nzn_winding_woodlands_5x15_split_checker,
          nzn_winding_woodlands_center_triple_pond,
          nzn_winding_woodlands_5x15_pathside_ponds], layout_hall_layers,
          beast_lair_carwin_9, serial_bayou_shore_b, uniq_kirke
Lair:6:   due_jungle_book, layout_cave_pods, dpeg_slime_entry_enclosed_altar,
          enter_volcano_1
Swamp:1:  layout_basic_swamp, gammafunk_ghost_wrathful_warriors,
          evilmike_swamp_ruin_house_1, swamp_pool3
Swamp:2:  layout_basic_swamp, evilmike_swamp_ruin_house_2
Swamp:3:  layout_basic_swamp, infiniplex_staircase_pool,
          nicolae_swamp_baby_hydras
Swamp:4:  byrel_swamp_growth_death_and_undeath, layout_basic_swamp
Snake:1:  layout_concentric_octagons, serial_shops, shop
Snake:2:  layout_chambers
Snake:3:  layout_gridlike, serial_shops, nicolae_square_shop, uniq_aizul,
          uniq_jorgrun
Snake:4:  hellmonk_snake_rune_quicksilver_temple, layout_cave_town
Slime:1:  cheibrodos_slime_lost_civilization_1, layout_caves
Slime:2:  layout_caves
Slime:3:  layout_caves
Slime:4:  layout_caves, uniq_dissolution
Slime:5
Orc:1:    layout_caves, minmay_orc_temple_a, uniq_harold, uniq_snorg,
          uniq_fannar
Orc:2:    st_orc_open, layout_diamond_mine, lightli_orcish_oven
Elf:1:    eino_elf_arrival_shootout, layout_onion_city, evilmike_minifort
Elf:2:    layout_rooms, serial_shops,
          nicolae_shop_temple_entry_statues_fountains, uniq_roxanne
Elf:3:    elf_hall_gauntlet_narrow, layout_onion_city, serial_shops,
          nicolae_lakefront_shop, hangedman_elven_pyramids, uniq_louise,
          uniq_nikola
Vaults:1: vaults_mumra_hexcomb, v_alt_pattern_5,
          nicolae_vaults_lopsided_apartments, vaults_mumra_minichess_inversion,
          ontoclasm_vaults_eye, nicolae_vaults_rhombus_7, v_misc_27,
          nicolae_vaults_little_squares_6, layout_vaults_ring, serial_shops,
          shop_statue
Vaults:2: nicolae_vaults_mini_display_case, minmay_crypt_entry_vampire_xt,
          vaults_room_fours, nicolae_vaults_disjoint_gnomons,
          ontoclasm_vaults_ring_square, layout_vaults_omnibox, serial_shops,
          shop
Vaults:3: v_misc_14, v_misc_11, v_alt_pattern_2, ontoclasm_vaults_shout,
          nicolae_vaults_arrows, vaults_standard_mumra_enter_the_diamond,
          hangedman_vaults_slither, v_alt_pattern_6, grunt_vaults_diagonal,
          vaults_room_semicircle, layout_vaults_omnicross, serial_shops, shop
Vaults:4: v_misc_25, v_misc_28, nicolae_vaults_little_squares_6,
          nicolae_vaults_border_crossing, nicolae_vaults_display_case,
          nicolae_vaults_rhombus_7, hangedman_vaults_stretched_pinwheel,
          layout_vaults_chaotic_city, uniq_jory
Vaults:5
Crypt:1:  layout_basic, minmay_misc_feat_alley, grunt_megastairs_2
Crypt:2:  layout_catacombs
Crypt:3:  david_glass_crypt, layout_gridlike, nicolae_tomb_entry_rubble_hallway,
          weyrava_vampire_temple
Tomb:1:   uniq_frederick
Tomb:2
Tomb:3
Depths:1: layout_long_grid, enter_ziggurat_a, nicolae_twisting_strands,
          nicolae_abyss_entry_one_way_or_another, grunt_hell_entry_dis_mu,
          kennysheep_nondescript, trog_three_pillars_becter
Depths:2: minmay_tri_stars, layout_long_grid, hell_entry,
          minmay_misc_feat_plants, serial_bayou_pond_d
Depths:3: minmay_inside_and_out, layout_cave_shapes, abyss_entry, serial_sigils,
          serial_sigils_hangedman_snap, serial_sigils_hangedman_writhe,
          serial_sigils_hangedman_confine, fiery_altar_vehumet, hell_entry,
          rand_demon_pan_entry_5, uniq_mennas
Depths:4: minmay_concentric_multi, layout_honeycomb,
          nicolae_elyvilon_peaceful_grove, minmay_room_of_horrors, hell_entry,
          infiniplex_staircase_zigzag_2
Depths:5: evilmike_zot_entry_gauntlet, layout_cave_shapes,
          pf_vacation_house_of_asmodeus, serial_shops,
          nicolae_shop_overgrown_old_shop, hangedman_decor_diamond_cutter,
          nrook_kobold_shadow_demons
Hell
Dis:1:    layout_gridville
Dis:2:    layout_jigsaw
Dis:3:    layout_overlapping_boxes
Dis:5:    layout_chaotic_city
Dis:6:    layout_chaotic_city
Dis:7:    dis_grunt_layers
Geh:1:    layout_gehenna_lava_caves
Geh:2:    layout_gehenna_pools_box
Geh:3:    layout_gehenna_pools_triple
Geh:4:    layout_gehenna_pools_box
Geh:5:    layout_gehenna_pools_box, nicolae_geh_amphitheater
Geh:6:    layout_gehenna_lava_caves
Geh:7:    geh_mu
Coc:1:    layout_cocytus_water_paths
Coc:2:    layout_ice_bergs
Coc:3:    layout_cocytus_water_paths
Coc:4:    layout_ice_bergs
Coc:5:    layout_cocytus_water_paths
Coc:6:    layout_ice_bergs, lemuel_elevator
Coc:7:    coc_dpeg
Tar:1:    layout_cathedral_of_symmetry
Tar:2:    layout_cathedral_of_symmetry
Tar:3:    layout_catacombs
Tar:4:    layout_cathedral_of_symmetry, grunt_megastairs_3, lemuel_elevator
Tar:5:    hangedman_damned_closets, layout_grid_maze,
          nicolae_tar_cuneiform_bird, nicolae_tar_cuneiform_oil
Tar:6:    layout_grid_maze, lemuel_elevator
Tar:7:    tar_old
Zot:1:    minmay_elemental_castle, layout_basic, skrybe_zot_glass_3
Zot:2:    nicolae_zot_stationary_front, layout_concentric_octagons
Zot:3:    layout_basic, ebering_ghost_reflecting_pool
Zot:4:    layout_gridlike
Zot:5:    layout_gridlike, gammafunk_ghost_cemetery, drop_trap

Skill      XL: |  1  2  3  4  5  6  7  8  9 10 11 12 13 14 15 16 17 18 19 20 21 22 23 24 25 26 27 |
---------------+----------------------------------------------------------------------------------+-----
Fighting       | 1 2 3 4 6 7 9 11 12 13 14 15 16 17 27 | 27.0
Spellcasting   | 3 4 5 7 8 9 10 11 12 13 14 15 16 17 18 27 | 27.0
Invocations    | 6 9 10 12 27 | 27.0
Dodging        | 7 8 10 11 12 13 15 16 17 18 21 24 26 27 | 27.0
Shields        | 4 9 13 15 16 17 18 20 25 | 25.0
Maces & Flails | 12 | 12.0
Armour         | 25 | 25.4
Stealth        | |  1.5

Action                   |  1- 3 |  4- 6 |  7- 9 | 10-12 | 13-15 | 16-18 | 19-21 | 22-24 | 25-27 || total
-------------------------+-------+-------+-------+-------+-------+-------+-------+-------+-------++-------
Melee: Scimitar          |       |       |    16 |       |       |       |       |       |       ||    16
       Staff             |       |       |     1 |     4 |     1 |     3 |     5 |     6 |    31 ||    51
       Sacred scourge    |       |       |       |       |       |       |       |       |   467 ||   467
       Headbutt          |       |       |       |       |       |       |       |       |    43 ||    43
 Cast: Shock             |    67 |   103 |     8 |       |       |       |       |       |       ||   178
       Static Discharge  |       |    18 |    35 |    43 |       |     8 |       |       |       ||   104
       Airstrike         |       |       |    33 |    21 |       |       |       |       |    10 ||    64
       Lightning Bolt    |       |       |    31 |   115 |       |       |       |       |    38 ||   184
       Fireball          |       |       |       |    73 |       |       |       |       |       ||    73
       Swiftness         |       |       |       |     3 |       |       |       |       |       ||     3
       Bolt of Magma     |       |       |       |       |   437 |   589 |   532 |   551 |  1350 ||  3459
       Invisibility      |       |       |       |       |     1 |     8 |     6 |       |       ||    15
       Shadow Creatures  |       |       |       |       |       |       |    55 |    41 |    74 ||   170
       Shatter           |       |       |       |       |       |       |       |       |  3330 ||  3330
Invok: Heal Other        |       |       |       |     2 |       |     1 |     3 |     1 |     2 ||     9
       Lesser Healing    |       |       |       |     1 |       |       |       |       |     1 ||     2
       Greater Healing   |       |       |       |       |       |     3 |     2 |     2 |    16 ||    23
       Purification      |       |       |       |       |       |     2 |       |     2 |       ||     4
       Divine Protection |       |       |       |       |       |       |       |     1 |     2 ||     3
       Cleansing Flame   |       |       |       |       |       |       |       |       |    45 ||    45
       Summon Divine War |       |       |       |       |       |       |       |       |     9 ||     9
Evoke: Wand              |       |       |       |       |       |       |       |       |     1 ||     1
  Use: Scroll            |       |       |     8 |     7 |     6 |    15 |     1 |     7 |    42 ||    86
       Potion            |       |       |       |       |       |     1 |       |     2 |    48 ||    51
 Stab: Sleeping          |       |       |       |       |       |     1 |       |       |       ||     1
       Invisible         |       |       |       |       |       |       |     1 |       |       ||     1
       Distracted        |       |       |       |       |       |       |       |       |     1 ||     1
Armor: Robe              |       |     7 |    10 |     2 |    37 |    34 |    15 |    14 |   189 ||   308
       Steam dragon scal |       |       |     5 |    10 |       |       |       |       |       ||    15
       Skin              |       |       |       |       |       |     3 |       |       |    20 ||    23
Dodge: Dodged            |     5 |    15 |    27 |    47 |    87 |   170 |   109 |    89 |   930 ||  1479
Block: Other             |       |     5 |    15 |    16 |       |       |       |       |       ||    36
       Reflection        |       |       |     2 |       |       |       |    14 |    37 |    88 ||   141
       Buckler           |       |       |       |       |       |    17 |       |       |       ||    17
       Tower shield      |       |       |       |       |       |   142 |   218 |   210 |  2117 ||  2687
       Rpst.: Scimitar   |       |       |     1 |       |       |       |       |       |       ||     1

Table legend: (Time is in decaauts)
 A = Elapsed time spent in this place.
 B = Non-inter-level travel time spent in this place.
 C = Inter-level travel time spent in this place.
 D = Time resting spent in this place.
 E = Time spent auto-exploring this place.
 F = Levels seen in this place.
 G = Mean time per level.
                   A        B        C        D        E       F      G
               +--------+--------+--------+--------+--------+-----+--------+
         Total |  73444 |  66992 |   6452 |   3235 |  46995 | 130 |  565.0 |
       Dungeon |  18994 |  17243 |   1751 |   1532 |  13565 |  15 | 1266.3 |
        Temple |    184 |    149 |     35 |      0 |     97 |   1 |  184.0 |
          Lair |   6437 |   5523 |    914 |    188 |   4518 |   6 | 1072.8 |
         Swamp |   2400 |   2268 |    132 |      4 |   1742 |   4 |  600.0 |
     Snake Pit |   3564 |   3413 |    151 |      0 |   2836 |   4 |  891.0 |
    Slime Pits |    845 |    770 |     75 |     15 |    433 |   5 |  169.0 |
  Orcish Mines |   1603 |   1237 |    366 |      0 |    881 |   2 |  801.5 |
   Elven Halls |   2958 |   2682 |    276 |    241 |   1937 |   3 |  986.0 |
        Vaults |   5658 |   4772 |    886 |     88 |   3549 |   5 | 1131.6 |
         Crypt |   3021 |   2655 |    366 |    207 |   1979 |   3 | 1007.0 |
          Tomb |   1823 |   1749 |     74 |     59 |   1083 |   3 |  607.7 |
        Depths |   5490 |   4662 |    828 |     32 |   3665 |   5 | 1098.0 |
          Hell |    848 |    601 |    247 |    145 |    365 |   1 |  848.0 |
           Dis |   1305 |   1267 |     38 |      2 |    643 |   6 |  217.5 |
       Gehenna |   2235 |   2133 |    102 |     37 |   1124 |   7 |  319.3 |
       Cocytus |   1710 |   1564 |    146 |      0 |    566 |   7 |  244.3 |
      Tartarus |   2396 |   2380 |     16 |     26 |   1090 |   7 |  342.3 |
           Zot |   2049 |   2007 |     42 |     37 |   1529 |   5 |  409.8 |
         Abyss |   1437 |   1437 |      0 |      0 |    806 |   5 |  287.4 |
   Pandemonium |   4886 |   4886 |      0 |    277 |   2284 |  17 |  287.4 |
      Ziggurat |    697 |    697 |      0 |     12 |    264 |  15 |   46.5 |
       Ossuary |   1558 |   1558 |      0 |    115 |   1300 |   1 | 1558.0 |
        Bailey |    520 |    520 |      0 |    217 |    117 |   1 |  520.0 |
      Ice Cave |    597 |    597 |      0 |      0 |    479 |   1 |  597.0 |
       Volcano |    221 |    221 |      0 |      0 |    140 |   1 |  221.0 |
               +--------+--------+--------+--------+--------+-----+--------+

Top non-repeatable levels by time:
     D:4: 2268 daAuts
     D:9: 2033 daAuts
     D:5: 1623 daAuts
    D:10: 1603 daAuts
 Ossuary: 1558 daAuts
     D:2: 1517 daAuts
Vaults:3: 1462 daAuts
Vaults:1: 1449 daAuts
  Lair:6: 1399 daAuts
     D:7: 1386 daAuts
 Snake:2: 1300 daAuts
  Lair:1: 1296 daAuts
     D:1: 1292 daAuts
   Elf:1: 1288 daAuts
Depths:4: 1277 daAuts
